 Dungeon Crawl Stone Soup version 0.31-a0-38-g1548c4f2a5 (webtiles) character file.

Game seed: 18184348326223136297

207 frimble the Slasher (level 5, -15/39 (43) HPs)
             Began as a Gnoll Reaver on May 16, 2023.
             Killed from afar by Ijyb (21 damage)
             ... with a bolt of light
             ... on level 3 of the Dungeon.
             The game lasted 00:05:27 (2237 turns).

frimble the Slasher (Gnoll Reaver)                  Turns: 2237, Time: 00:05:28

HP:   -15/39 (43)   AC:  5    Str: 11    XL:     5   Next: 85%
MP:   12/12         EV: 12    Int: 15    God:
Gold: 102           SH:  0    Dex: 10    Spells: 13/14 levels left

rFire   . . .        a - +0 falchion
rCold   . . .        (no shield)
rNeg    . . .        b - +0 leather armour
rPois   .            (no helmet)
rElec   .            j - +1 cloak
rCorr   .            (no gloves)
SInv    .            (no boots)
Will    .....        (no amulet)
Stlth   +            (no ring)
HPRegen 0.26/turn    (no ring)
MPRegen 0.13/turn

%: no passive effects
@: confused, drained
A: fangs 1, strong nose, distributed training
a: no special abilities


You were on level 3 of the Dungeon.
You visited 1 branch of the dungeon, and saw 4 of its levels.

You collected 102 gold pieces.

Inventory:

Hand Weapons
 a - a +0 falchion (weapon)
Missiles
 e - a throwing net
 h - 4 poisoned darts (quivered)
Armour
 b - a +0 leather armour (worn)
 j - a +1 cloak (worn)
Scrolls
 c - a scroll of identify
 g - a scroll of teleportation
 k - a scroll of amnesia
Potions
 d - 3 potions of flight


   Skills:
 + Level 4.9 Fighting
 + Level 1.7 Short Blades
 + Level 6.7 Long Blades
 + Level 1.7 Axes
 + Level 1.7 Maces & Flails
 + Level 1.7 Polearms
 + Level 1.7 Staves
 + Level 1.7 Ranged Weapons
 + Level 1.7 Throwing
 + Level 1.7 Armour
 + Level 4.9 Dodging
 + Level 1.7 Stealth
 + Level 1.7 Shields
 + Level 1.7 Unarmed Combat
 + Level 5.3 Spellcasting
 + Level 5.6 Conjurations
 + Level 1.3 Hexes
 + Level 1.3 Summonings
 + Level 1.3 Necromancy
 + Level 1.3 Translocations
 + Level 1.3 Transmutations
 + Level 1.3 Fire Magic
 + Level 1.3 Ice Magic
 + Level 1.3 Air Magic
 + Level 1.3 Earth Magic
 + Level 1.3 Poison Magic
 + Level 2.0 Invocations
 + Level 1.7 Evocations


You had 13 spell levels left.
You knew the following spells:

 Your Spells              Type           Power      Damage    Failure   Level
a - Kiss of Death         Conj/Necr      56%        2d9       4%          1

Your spell library contained the following spells:

 Spells                   Type           Power      Damage    Failure   Level
 Momentum Strike          Conj/Tloc      28%        3d8       8%          2
 Dazzling Flash           Conj/Hex       28%        N/A       16%         3
 Hailstorm                Conj/Ice       14%        3d5       16%         3
 Lesser Beckoning         Tloc           16%        N/A       19%         2
 Confusing Touch          Hex            8%         N/A       34%         3
 Gell's Gravitas          Tloc           8%         N/A       34%         3
 Teleport Other           Tloc           8%         N/A       34%         3
 Volatile Blastmotes      Fire/Tloc      16%        2d11      34%         3
 Iskenderun's Mystic Bla  Conj/Tloc      14%        2d5       45%         4
 Dispel Undead            Necr           8%         3d8       75%         4
 Starburst                Conj/Fire      7%         6d4       100%        6


Dungeon Overview and Level Annotations

Branches:
Dungeon (4/15)             Temple (0/1) D:4

Altars:

Shops:
D:1 *   D:2 :

Annotations:
D:3 Ijyb
D:4 Blork the orc


Innate Abilities, Weirdness & Mutations

You have very sharp teeth.
Your uncanny sense of smell can sniff out nearby items.
Your experience applies equally to all skills.


Message History

The orc attacks as you move away! The orc barely misses you.
Ijyb zaps a wand.
The bolt of light hits you.
You are confused.
Ijyb zaps a wand.
The bolt of light misses you.
You feel less confused.
The gnoll looks more healthy.
The orc attacks as you move away! The orc misses you.
You aren't carrying any items that you can evoke.
You hit the orc but do no damage.
Ijyb zaps a wand.
The bolt of light hits the orc!
The orc dies!
The bolt of light hits you!
You aren't carrying any items that you can evoke.
Throw: 4 darts (poison)
Press: ? - help, Q - select action, (/) - cycle Shift-Dir - straight line, f - Ijyb, p - gnoll
Aim: Ijyb, wielding a +0 club, wearing a +0 scale mail of positive energy and carrying a wand of light (6) (53% to hit)
Okay, then.
Unknown command.
Okay, then.
As you read the scroll of summoning, it crumbles to dust.
Wisps of shadow whirl around you... Ijyb hits your orc with a +0 club!
Your orc dies!
Your orc's corpse dissolves into shadows!
You swap places.
Ijyb zaps a wand.
The bolt of light hits your giant cockroach!
Your giant cockroach dies!
Your giant cockroach's corpse dissolves into shadows!
The bolt of light hits you!
You are confused.
* * * LOW HITPOINT WARNING * * *
The bolt of light hits your quokka!
Your quokka dies!
Your quokka's corpse dissolves into shadows!
You are too confused!
Unknown command.
Okay, then.
You bump into the rock wall.
Ijyb zaps a wand.
The bolt of light hits you!!
You are more confused.
Ouch! That really hurt!
You die...

*,,,,,,,,*****########.
*,,,,...,* *,.........
*,,,,...,* *,.........
*,,,,..#,* *,.........
**,,,#.#,* **......#..
****#.#,*****......#..
#.#,,,,,+.........
#.#******......#.. #@#
*#######.. #.# #.. #)#
###.. #.# #.... #g#
#######.... #g#
#..........
##g######..........
#..................
#..........####....


You could see Ijyb and 2 gnolls.

Vanquished Creatures
  2 orc priests (D:3)
  An iguana (D:4)
  Terence (D:3)
  2 gnolls (D:3)
  2 adders (D:4)
  2 worms
  6 orcs (D:3)
  3 endoplasms
  A giant cockroach (D:1)
  7 goblins
  6 hobgoblins
  5 quokkas
  3 ball pythons (D:1)
  3 bats
  A frilled lizard (D:3)
  3 kobolds
  5 rats
53 creatures vanquished.

Vanquished Creatures (others)
  An orc (D:3)
1 creature vanquished.

Grand Total: 54 creatures vanquished

Notes
Turn   | Place    | Note
-------+----------+-------------------------------------------
     0 | D:1      | frimble the Gnoll Reaver began the quest for the Orb.
     0 | D:1      | Reached XP level 1. HP: 20/20 MP: 6/6
   155 | D:1      | Reached XP level 2. HP: 25/26 MP: 7/7
   332 | D:1      | Found Qanell's General Store.
   757 | D:2      | Found Boitesio's Book Shoppe.
   865 | D:2      | Reached skill level 5 in Spellcasting
   865 | D:2      | Reached XP level 3. HP: 31/31 MP: 7/9
   948 | D:2      | You fall into a shaft and drop 1 floor!
   999 | D:3      | Reached skill level 1 in Invocations
  1072 | D:3      | Noticed Terence
  1086 | D:3      | Killed Terence
  1087 | D:3      | Reached skill level 1 in Short Blades
  1087 | D:3      | Reached skill level 1 in Axes
  1087 | D:3      | Reached skill level 1 in Maces & Flails
  1087 | D:3      | Reached skill level 1 in Polearms
  1087 | D:3      | Reached skill level 1 in Staves
  1087 | D:3      | Reached skill level 1 in Ranged Weapons
  1087 | D:3      | Reached skill level 1 in Throwing
  1087 | D:3      | Reached skill level 1 in Armour
  1087 | D:3      | Reached skill level 1 in Stealth
  1087 | D:3      | Reached skill level 1 in Shields
  1087 | D:3      | Reached skill level 1 in Unarmed Combat
  1087 | D:3      | Reached skill level 1 in Evocations
  1087 | D:3      | Reached XP level 4. HP: 38/38 MP: 11/11
  1118 | D:3      | Reached skill level 1 in Hexes
  1118 | D:3      | Reached skill level 1 in Summonings
  1118 | D:3      | Reached skill level 1 in Necromancy
  1118 | D:3      | Reached skill level 1 in Translocations
  1118 | D:3      | Reached skill level 1 in Transmutations
  1118 | D:3      | Reached skill level 1 in Fire Magic
  1118 | D:3      | Reached skill level 1 in Ice Magic
  1118 | D:3      | Reached skill level 1 in Air Magic
  1118 | D:3      | Reached skill level 1 in Earth Magic
  1118 | D:3      | Reached skill level 1 in Poison Magic
  1121 | D:3      | HP: 1/48 [orc priest/+0 whip (3)]
  1123 | D:3      | Reached XP level 5. HP: 2/40 MP: 10/12
  1321 | D:3      | Identified the +0 leather armour "Bogaop" {-Tele Int+4
                  | Dex+2}
  1894 | D:4      | Found a staircase to the Ecumenical Temple.
  1896 | D:4      | Noticed Blork the orc
  2218 | D:3      | Noticed Ijyb
  2237 | D:3      | Killed from afar by Ijyb

Illustrated notes

Levels and vault maps discovered:
D:1:      psy_arrival_wood_between_worlds, layout_basic, serial_shops,
          nicolae_shop_crystal
D:2:      layout_rooms, serial_shops, nicolae_shop_waterfront, shop,
          uniq_natasha
D:3:      layout_basic, minmay_misc_feat_more_columns, uniq_terence, uniq_ijyb
D:4:      layout_loops_ring, nicolae_sif_muna_little_library,
          minmay_temple_entry_tees, uniq_grinder, uniq_blork_the_orc

Skill      XL: |  1  2  3  4  5 |
---------------+----------------+-----
Spellcasting   | 5 |  5.3
Invocations    | 1 2 |  2.0
Short Blades   | 1 |  1.7
Axes           | 1 |  1.7
Maces & Flails | 1 |  1.7
Polearms       | 1 |  1.7
Staves         | 1 |  1.7
Ranged Weapons | 1 |  1.7
Throwing       | 1 |  1.7
Armour         | 1 |  1.7
Stealth        | 1 |  1.7
Shields        | 1 |  1.7
Unarmed Combat | 1 |  1.7
Evocations     | 1 |  1.7
Hexes          | 1 |  1.3
Summonings     | 1 |  1.3
Necromancy     | 1 |  1.3
Translocations | 1 |  1.3
Transmutations | 1 |  1.3
Fire Magic     | 1 |  1.3
Ice Magic      | 1 |  1.3
Air Magic      | 1 |  1.3
Earth Magic    | 1 |  1.3
Poison Magic   | 1 |  1.3
Fighting       | |  4.9
Long Blades    | |  6.7
Dodging        | |  4.9
Conjurations   | |  5.6

Action                     |  1- 3 |  4- 6 || total
---------------------------+-------+-------++-------
  Melee: Falchion          |    86 |    99 ||   185
         Bite              |     8 |     5 ||    13
         Punch             |     2 |       ||     2
  Throw: Dart              |     5 |    24 ||    29
   Cast: Kiss of Death     |       |     2 ||     2
    Use: Potion            |       |     2 ||     2
         Scroll            |       |     8 ||     8
   Stab: Sleeping          |       |     1 ||     1
 Armour: Leather armour    |    16 |    18 ||    34
         Skin              |       |    12 ||    12
  Dodge: Dodged            |    36 |    74 ||   110

Table legend: (Time is in decaauts)
 A = Elapsed time spent in this place.
 B = Non-inter-level travel time spent in this place.
 C = Inter-level travel time spent in this place.
 D = Time resting spent in this place.
 E = Time spent auto-exploring this place.
 F = Levels seen in this place.
 G = Mean time per level.
                   A        B        C        D        E       F      G
               +--------+--------+--------+--------+--------+-----+--------+
         Total |   2227 |   2123 |    104 |    194 |   1381 |   4 |  556.8 |
       Dungeon |   2227 |   2123 |    104 |    194 |   1381 |   4 |  556.8 |
               +--------+--------+--------+--------+--------+-----+--------+

Top non-repeatable levels by time:
     D:3: 917 daAuts
     D:1: 728 daAuts
     D:4: 364 daAuts
     D:2: 217 daAuts
